AoeStats
← Trash

Arena

507359918Analyzed
1v1 RM · 15d ago on Sep 17, 2026· 45m 20s· 2 players
Game mode
Random Map
Map size
Tiny (2 player)
Population
200
Speed
Normal
Resources
Standard
Victory
Conquest
Starting age
Dark Age
Ending age
Imperial Age
RankedLock teamsTeams togetherTeam positionsShared explorationLock speedFull tech treeHidden civsTurbo modeCheats
Victory
Defeat
🇦🇷 Portuguese · Argentina
925
+18
🇩🇪 Teutons · Germany
971
-44
AndyCharuto
5:12 Loom
11:10 Feudal Age
12:40 Double-Bit Axe
16:16 Castle Age
14:59 Horse Collar
18:08 Bow Saw
23:04 Wheelbarrow
22:18 Town Watch
22:50 Gold Mining
24:59 Forging
24:50 Scale Mail Armor
26:08 Iron Casting
25:53 Padded Archer Armor
25:45 Pikeman
26:58 Fletching
27:26 Leather Archer Armor
31:28 Imperial Age
30:47 Ballistics
30:32 Scale Mail Armor
30:37 Scale Barding Armor
30:45 Husbandry
30:56 Bloodlines
31:46 Chain Mail Armor
33:09 Chemistry
32:27 Cavalier
33:56 Chain Barding Armor
34:36 Conscription
35:22 Arquebus
36:35 Siege Engineers
38:02 Blast Furnace
37:39 Plate Barding Armor
39:51 Hand Cart
39:06 Halberdier
42:54 Plate Mail Armor
42:14 Fletching
Trash
5:21 Loom
5:44 Loom
13:16 Feudal Age
14:14 Double-Bit Axe
16:44 Horse Collar
16:36 Man-at-Arms
19:21 Wheelbarrow
21:05 Castle Age
20:56 Town Watch
21:54 Stone Mining
24:58 Crossbowman
26:12 Bloodlines
27:40 Hand Cart
28:49 Padded Archer Armor
28:59 Scale Barding Armor
29:39 Heavy Plow
32:18 Bow Saw
37:21 Imperial Age
36:10 Chain Barding Armor
35:53 Scale Mail Armor
36:01 Padded Archer Armor
35:55 Fletching
36:15 Forging
35:53 Man-at-Arms
36:47 Town Patrol
37:27 Cavalier
39:01 Paladin
42:17 Stone Shaft Mining
41:32 Gold Mining
42:21 Stone Shaft Mining
41:39 Gold Mining
42:24 Stone Shaft Mining
Connection lost

Rejoining the realm…

Still unreachable

The connection could not be restored.

Session expired

The server has moved on; the page needs a fresh start.